 Dungeon Crawl Stone Soup version 0.30-a0-830-gfe289a77b0 (webtiles) character file.

Game seed: 496144644566487168

25 Esekla the Sneak (level 3, -6/26 HPs)
             Began as an Octopode Delver on Mar 1, 2023.
             Splashed by a jelly's acid (10 damage)
             ... on level 5 of the Dungeon.
             The game lasted 00:00:54 (173 turns).

Esekla the Sneak (Octopode Delver)                   Turns: 173, Time: 00:00:54

Health: -6/26      AC:  1    Str: 11    XL:     3   Next: 4%
Magic:  3/3        EV: 13    Int: 14    God:
Gold:   11         SH:  0    Dex: 13    Spells: 3/3 levels left

rFire   . . .      SeeInvis .    a - +0 falchion
rCold   . . .      Faith    .    (no shield)
rNeg    . . .      Spirit   .    (helmet restricted)
rPois   .          Reflect  .    (no amulet)
rElec   .          Harm     .    (no ring)
rCorr   .          Rampage  .    (no ring)
Will    .....                    (no ring)
Stlth   ++++                     (no ring)
HPRegen 0.24/turn                (no ring)
MPRegen 0.08/turn                (no ring)
                                 (no ring)
                                 (no ring)

@: hasted, very quick
A: almost no armour, amphibious, 8 rings, camouflage 1, gelatinous body 1,
(nimble swimmer 1), tentacles
a: no special abilities


You were on level 5 of the Dungeon.
You visited 1 branch of the dungeon, and saw 1 of its levels.

You collected 11 gold pieces.

Inventory:

Hand Weapons
 a - a +0 falchion (weapon)
Missiles
 g - 2 boomerangs (quivered)
Wands
 f - a wand of digging (3)
Scrolls
 b - a scroll of fog
 c - a scroll of magic mapping
 d - a scroll of fear


   Skills:
 * Level 3.2 Fighting
 * Level 2.1 Long Blades
 * Level 2.1 Dodging
 + Level 7.1 Stealth
 * Level 0.5 Spellcasting


You had 3 spell levels left.
You didn't know any spells.
Your spell library was empty.

Dungeon Overview and Level Annotations

Branches:
Dungeon (5/15)
 Temple: D:4-7

Altars:
Dithmenos


Innate Abilities, Weirdness & Mutations

You cannot wear most types of armour.
You are amphibious.
You can wear up to eight rings at the same time.
Your skin changes colour to match your surroundings (Stealth+).
Your rubbery body absorbs attacks. (AC +1, EV +1)
((You are camouflaged when in or above water. (Stealth+)))
You have tentacles for arms and can constrict up to eight enemies at once.


Message History

You constrict the iguana, but do no damage.
The iguana closely misses you.
You hit the iguana.
The iguana is heavily wounded.
You constrict the iguana. The iguana bites you!
Ouch! That really hurt!
* * * LOW HITPOINT WARNING * * *
You hit the iguana.
The iguana is almost dead.
You constrict the iguana, but do no damage.
The iguana closely misses you.
You hit the iguana.
You kill the iguana!
Your Stealth skill increases to level 7!
You have reached level 2!
You have reached level 3!
Your experience leads to an increase in your attributes!
Increase (S)trength, (I)ntelligence, or (D)exterity?
You feel clever. x2
You start resting.
HP restored.
Found a scroll labelled XOD HEANYBRARO.
You feel yourself speed up. The phantom hits you.
You see here a scroll of magic mapping.
c - a scroll of magic mapping A scorpion comes into view.
A jelly comes into view.
The jelly quivers.
An adder and a worm come into view.
Found 11 gold pieces.
The jelly hits you.
You are splashed with acid.
The jelly hits you.
You are splashed with acid!
* * * LOW HITPOINT WARNING * * *
Found a shadowy altar of Dithmenos.
You see here 11 gold pieces.
You now have 11 gold pieces.
The adder misses you. The jelly hits you.
* * * LOW HITPOINT WARNING * * *
You are splashed with acid!
You die...

*,* *,* *,* *,* *,*
*,*
######################
.#............Ws..S..#
..#...#...#...#.@w#..#
.$...............J.._#
.s#...#...#...#...#..#
.#...................#
..####################
### # #


You could see a phantom, a worm, a scorpion, a jelly and an adder.

Vanquished Creatures
  An iguana (D:5)
1 creature vanquished.

Notes
Turn   | Place    | Note
-------+----------+-------------------------------------------
     0 | D:5      | Esekla the Octopode Delver began the quest for the Orb.
     0 | D:5      | Reached XP level 1. HP: 16/16 MP: 1/1
    25 | D:5      | Noticed an iguana
    40 | D:5      | Noticed a scorpion
    40 | D:5      | Noticed a phantom
    47 | D:5      | Killed an iguana
    48 | D:5      | Reached skill level 7 in Stealth
    48 | D:5      | Reached XP level 2. HP: 2/21 MP: 2/2
    48 | D:5      | Reached XP level 3. HP: 2/26 MP: 3/3
   155 | D:5      | Noticed a scorpion
   163 | D:5      | Found a shadowy altar of Dithmenos.
   173 | D:5      | Splashed by a jelly's acid

Illustrated notes

Levels and vault maps discovered:
D:5:      layout_loops_ring, lemuel_coloured_pillars_altar,
          mainiacjoe_overflow_surrounded_room, amethyst_overflow_temple_binary,
          serial_undead, serial_undead_b, serial_undead_a, serial_undead_d,
          serial_undead_c, serial_undead_f, serial_undead_b

Skill      XL: |  1 |
---------------+----+-----
Stealth        | 7 |  7.1
Fighting       | |  3.2
Long Blades    | |  2.1
Dodging        | |  2.1
Spellcasting   | |  0.5

Action                     || total
---------------------------++-------
  Melee: Falchion          ||     5
         Constrict         ||     1
         Tentacles         ||     1
    Use: Scroll            ||     1
         Potion            ||     1
 Armour: Skin              ||     1
  Dodge: Dodged            ||     3

Table legend: (Time is in decaauts)
 A = Elapsed time spent in this place.
 B = Non-inter-level travel time spent in this place.
 C = Inter-level travel time spent in this place.
 D = Time resting spent in this place.
 E = Time spent auto-exploring this place.
 F = Levels seen in this place.
 G = Mean time per level.
                   A        B        C        D        E       F      G
               +--------+--------+--------+--------+--------+-----+--------+
         Total |    166 |    166 |      0 |     97 |      0 |   1 |  166.0 |
       Dungeon |    166 |    166 |      0 |     97 |      0 |   1 |  166.0 |
               +--------+--------+--------+--------+--------+-----+--------+

Top non-repeatable levels by time:
     D:5: 166 daAuts
